 Dungeon Crawl Stone Soup version 0.31.0-11-ge490571c62 (webtiles) character file.

Game seed: 11645590433632359480

7 qw the Shooter (level 1, -2/12 HPs)
             Began as a Deep Elf Hunter on Feb 5, 2024.
             Slain by a quokka (3 damage)
             ... on level 1 of the Dungeon.
             The game lasted 00:00:05 (84 turns).

qw the Shooter (Deep Elf Hunter)                      Turns: 84, Time: 00:00:06

Health: -2/12      AC:  3    Str:  8    XL:     1   Next: 83%
Magic:  3/3        EV: 12    Int: 13    God:
Gold:   0          SH:  0    Dex: 18    Spells: 0/0 levels left

rFire   . . .        a - +0 shortbow
rCold   . . .        (shield currently unavailable)
rNeg    . . .        c - +0 leather armour
rPois   .            (no helmet)
rElec   .            (no cloak)
rCorr   .            (no gloves)
SInv    .            (no boots)
Will    .....        (no amulet)
Stlth   ++           (no ring)
HPRegen 0.22/turn    (no ring)
MPRegen 0.08/turn

%: no passive effects
@: no status effects
A: no striking features
a: no special abilities


You were on level 1 of the Dungeon.
You visited 1 branch of the dungeon, and saw 1 of its levels.


   Skills:
 - Level 1.5 Fighting
 + Level 5.8 Ranged Weapons
 - Level 2.4 Dodging
 - Level 1.2 Stealth


You couldn't memorise any spells.
You didn't know any spells.
Your spell library was empty.

Inventory:

Hand Weapons
 a - a +0 shortbow (weapon)
Armour
 c - a +0 leather armour (worn)
 d - a +0 ring mail
Scrolls
 b - a scroll of butterflies

Dungeon Overview and Level Annotations

Branches:
Dungeon (1/15)

Altars:


Message History

A frilled lizard comes into view.
Enter note:
Enter note:
73 ||| RETREEEEATING.
The frilled lizard hisses.
Enter note:
74 ||| RETREEEEATING.
You shoot an arrow. The arrow hits the frilled lizard.
You kill the frilled lizard!
You shoot an arrow. The arrow completely misses the quokka.
The arrow closely misses the goblin.
The quokka barely misses you.
You shoot an arrow. The arrow barely misses the quokka.
The arrow closely misses the goblin.
The quokka bites you.
You shoot an arrow. The arrow closely misses the goblin.
The goblin barely misses you. The quokka barely misses you.
The goblin hits you but does no damage.
You shoot an arrow. The arrow hits the goblin.
The goblin is almost dead.
The quokka barely misses you. The quokka closely misses you.
The goblin closely misses you.
You shoot an arrow. The arrow hits the goblin!
You kill the goblin!
The quokka closely misses you.
You shoot an arrow. The arrow completely misses the quokka.
The arrow hits the hobgoblin.
The hobgoblin is severely wounded.
The quokka bites you but does no damage.
The quokka bites you.
You shoot an arrow. The arrow hits the hobgoblin.
The hobgoblin is almost dead.
The hobgoblin completely misses you. The quokka completely misses you.
You shoot an arrow. The arrow barely misses the hobgoblin.
The quokka closely misses you. The hobgoblin hits you. The quokka bites you.
The hobgoblin hits you.
You shoot an arrow. The arrow hits the hobgoblin.
You kill the hobgoblin!
The quokka bites you.
You die...

...##. ....!.
......# ...)...
....... )......##
........####.#
.......lr@...#
........)###### .#
..............####.#
........#####...##.#
>...........###..#.#
.................#.#
#########..........#
###....##..#
#.#...%..#


You could see a quokka and a frilled lizard.

Vanquished Creatures
  3 goblins (D:1)
  A hobgoblin (D:1)
  2 bats (D:1)
  A frilled lizard (D:1)
  A rat (D:1)
8 creatures vanquished.

Notes
Turn   | Place    | Note
-------+----------+-------------------------------------------
     0 | D:1      | qw the Deep Elf Hunter began the quest for the Orb.
     0 | D:1      | Reached XP level 1. HP: 12/12 MP: 3/3
     0 | D:1      | 0 ||| qw: Version: 0.3-a-160-g6735b56
     0 | D:1      | 0 ||| qw: Game counter: 6233
     0 | D:1      | 0 ||| qw: Melee chars always use a shield: true
     0 | D:1      | 0 ||| qw: God list: Okawaru
     0 | D:1      | 0 ||| qw: Allow faded altars: false
     0 | D:1      | 0 ||| qw: Do Orc after clearing Dungeon:15 true
     0 | D:1      | 0 ||| qw: Do second Lair branch before Depths: true
     0 | D:1      | 0 ||| qw: Lair rune preference: random
     0 | D:1      | 0 ||| qw: Goals: Normal
     0 | D:1      | 0 ||| PLANNING D:1-11
    73 | D:1      | 73 ||| RETREEEEATING.
    74 | D:1      | 74 ||| RETREEEEATING.
    83 | D:1      | HP: 3/12 [quokka (2)]
    83 | D:1      | HP: 1/12 [hobgoblin (2)]
    84 | D:1      | Slain by a quokka

Levels and vault maps discovered:
D:1:      nicolae_arrival_washed_ashore, layout_rooms,
          minmay_misc_feat_more_columns, patterned_corridor

Action                     || total
---------------------------++-------
   Fire: Shortbow          ||    23
 Armour: Leather armour    ||    14
  Dodge: Dodged            ||    15

Table legend:
 A = Non-vault XP
 B = Vault XP
 C = Vault XP percentage of total XP
 D = Non-vault monster count
 E = Vault monster count
 F = Vault count percentage of total count
                 A         B        C        D         E       F
            +---------+---------+-------+---------+---------+-------
      Total |      12 |       0 |   0.0 |       8 |       0 |   0.0
            +---------+---------+-------+---------+---------+-------
        D:1 |      12 |       0 |   0.0 |       8 |       0 |   0.0
            +---------+---------+-------+---------+---------+-------
